 Dungeon Crawl Stone Soup version 0.24.0-13-gcf9b319 (webtiles) character file.

Game seed: 2755063980372703559, levelgen mode: deterministic

330 Balder the Sneak (level 6, 0/38 HPs)
             Began as an Octopode Earth Elementalist on Apr 19, 2020.
             Slain by a phantom (8 damage)
             ... on level 4 of the Dungeon.
             The game lasted 00:20:18 (4250 turns).

Balder the Sneak (Octopode Earth Elementalist)      Turns: 4250, Time: 00:20:18

Health: 0/38       AC:  1    Str:  8    XL:     6   Next: 51%
Magic:  7/9        EV: 14    Int: 17    God:
Gold:   146        SH:  0    Dex: 14    Spells: 8/9 levels left

rFire    . . .     SeeInvis .   b - +0 morningstar
rCold    . . .     Gourm    .   (no shield)
rNeg     . . .     Faith    .   (helmet restricted)
rPois    +         Spirit   .   (no amulet)
rElec    .         Reflect  .   k - ring of poison resistance
rCorr    .         Harm     .   s - ring of teleportation (curse)
MR       .....     Rnd*Tele +   (no ring)
Stlth    ++++......             (no ring)
HPRegen  0.12/turn              (no ring)
MPRegen  0.11/turn              (no ring)
                                (no ring)
                                (no ring)

@: no status effects
A: almost no armour, stealthy swim, amphibious, 8 rings, constrict 8, camouflage
1, gelatinous body 1
a: no special abilities


You were on level 4 of the Dungeon.
You were not hungry.

You visited 1 branch of the dungeon, and saw 4 of its levels.

You collected 146 gold pieces.

Inventory:

Hand Weapons
 a - a +1 trident of venom
 b - a +0 morningstar (weapon)
 g - a +0 hand axe
 h - a +0 short sword
 q - a +1 falchion of holy wrath
Missiles
 l - 8 poisoned darts
 m - 57 stones (quivered)
Jewellery
 k - a ring of poison resistance (left tentacle)
 s - a cursed ring of teleportation (right tentacle)
Scrolls
 d - a scroll of blinking {unknown}
 e - 4 scrolls of remove curse {unknown}
 f - 4 scrolls of identify
 o - a scroll of enchant weapon {unknown}
 r - a scroll of amnesia {unknown}
Potions
 i - 2 potions of lignification
 j - 5 potions of curing
 n - a potion of agility
 p - a potion of ambrosia {unknown}
Comestibles
 c - 6 rations


   Skills:
 * Level 1.4 Fighting
 - Level 2.3(2.5) Axes
 * Level 1.2(1.9) Maces & Flails
 + Level 0.1 Throwing
 * Level 2.6 Dodging
 * Level 5.0 Stealth
 * Level 1.9 Unarmed Combat
 * Level 2.4 Spellcasting
   Level 1.0 Transmutations
 * Level 4.0 Earth Magic


You had 8 spell levels left.
You knew the following spells:

 Your Spells              Type           Power        Failure   Level  Hunger
a - Sandblast             Erth           ###...       3%          1    #......

Your spell library contained the following spells:

 Spells                   Type           Power        Failure   Level  Hunger
 Passwall                 Tmut/Erth      ##......     10%         2    ##.....
 Stone Arrow              Conj/Erth      #.....       24%         3    ###....
 Petrify                  Tmut/Erth      ##......     54%         4    #####..
 Lee's Rapid Deconstruct  Erth           ###.......   69%         5    ######.


Dungeon Overview and Level Annotations

Branches:
Dungeon (4/15)
 Temple: D:4-7

Altars:
Gozag
Nemelex Xobeh


Innate Abilities, Weirdness & Mutations

You cannot wear most types of armour.
You are very stealthy in the water. (Stealth+)
You are amphibious.
You can wear up to eight rings at the same time.
You can use your tentacles to constrict eight enemies at once.
Your skin changes colour to match your surroundings (Stealth+).
Your rubbery body absorbs attacks. (AC +1, EV +1)


Message History

* * * LOW HITPOINT WARNING * * *
Casting: Sandblast (safe; 3% risk of failure)
Confirm with . or Enter, or press ? or * to list all spells.
Aiming: Sandblast (safe; 3% risk of failure)
Press: ? - help, Shift-Dir - straight line, f/p - phantom
Aim: a phantom (moderately damaged)
The blast of sand hits the phantom.
The phantom is moderately damaged.
m - 58 stones The phantom misses you.
Casting: Sandblast (safe; 3% risk of failure)
Confirm with . or Enter, or press ? or * to list all spells.
Aiming: Sandblast (safe; 3% risk of failure)
Press: ? - help, Shift-Dir - straight line, f/p - phantom
Aim: a phantom (moderately damaged)
The blast of sand hits the phantom!
The phantom is severely damaged.
m - 57 stones The phantom hits you!
You die...

########## #........#
#........########
#........#......##
#........'......'.
#........#..%...##
#........#......##
########........#.......#
#.......@W......####W...#
#...............####....#
#..................(....#
#.........##............#
#.........##............#
#.........# ............#
#.........# ............#
#.........# ...........#
#########.# ........(..#


You could see a phantom.

Vanquished Creatures
  A hound (D:4)
  An orc priest (D:4)
  3 orc wizards
  7 adders
  2 oozes
  3 worms
  3 dart slugs
  2 leopard geckos (D:2)
  11 orcs
  A ball python (D:2)
  6 giant cockroaches
  10 goblins
  5 hobgoblins
  7 jackals
  6 bats
  5 frilled lizards
  15 kobolds
  10 rats
98 creatures vanquished.

Notes
Turn   | Place    | Note
-------+----------+-------------------------------------------
     0 | D:1      | Balder the Octopode Earth Elementalist began the quest for
                  | the Orb.
     0 | D:1      | Reached XP level 1. HP: 11/11 MP: 3/3
   425 | D:1      | Reached XP level 2. HP: 15/17 MP: 5/5
   886 | D:1      | Reached skill level 1 in Axes
  1152 | D:1      | Reached XP level 3. HP: 19/22 MP: 6/6
  1252 | D:1      | Reached skill level 3 in Stealth
  1852 | D:2      | Reached XP level 4. HP: 27/27 MP: 7/7
  2732 | D:3      | Reached skill level 1 in Fighting
  2732 | D:3      | Reached skill level 1 in Unarmed Combat
  2732 | D:3      | Reached XP level 5. HP: 17/33 MP: 8/8
  2736 | D:3      | Reached skill level 4 in Stealth
  2929 | D:3      | Found an opulent altar of Gozag.
  3530 | D:3      | Found a sparkling altar of Nemelex Xobeh.
  3761 | D:4      | Reached skill level 5 in Stealth
  3761 | D:4      | Reached XP level 6. HP: 30/38 MP: 6/9
  3763 | D:4      | Reached skill level 1 in Maces & Flails
  4184 | D:4      | Noticed a phantom
  4250 | D:4      | Slain by a phantom

Levels and vault maps discovered:
D:1:      dpeg_arrival_concentric_ovals, layout_loops_ring
D:2:      minmay_door_path, layout_loops_ring, minivault_23
D:3:      layout_basic, grunt_gozag_statues, nemelex_xobeh_ov_fountains_minmay,
          first_ration
D:4:      layout_basic, minmay_goblin_outpost, uniq_eustachio

Skill      XL: |  1  2  3  4  5  6 |
---------------+-------------------+-----
Axes           | 1 2 |  2.3
Stealth        | 3 5 |  5.0
Fighting       | 1 |  1.4
Unarmed Combat | 1 |  1.9
Maces & Flails | 1 |  1.2
Earth Magic    | 4 |  4.0
Throwing       | |  0.1
Dodging        | |  2.6
Spellcasting   | |  2.4
Transmutations | |  1.0

Action                   |  1- 3 |  4- 6 || total
-------------------------+-------+-------++-------
Melee: Hand axe          |    80 |    71 ||   151
       Constrict         |    20 |    31 ||    51
       Tentacles         |     9 |    24 ||    33
       Unarmed           |     2 |       ||     2
       Morningstar       |       |    72 ||    72
       Punch             |       |     3 ||     3
Throw: Stone             |       |     3 ||     3
 Cast: Sandblast         |     5 |    18 ||    23
  Use: Scroll            |       |     3 ||     3
       Potion            |       |     2 ||     2
 Stab: Sleeping          |    12 |     7 ||    19
  Eat: Chunk             |     3 |     7 ||    10
       Ration            |       |     1 ||     1
Armor: Skin              |    17 |    10 ||    27
Dodge: Dodged            |    51 |    80 ||   131
